 Dungeon Crawl Stone Soup version 0.21.0-3-g78d12a8 (webtiles) character file.

1603039 toffzen the Intangible (level 27, 248/248 (249) HPs)
             Began as a Merfolk Skald on Jan 10, 2018.
             Was a Priest of Trog.
             Escaped with the Orb
             ... and 3 runes on Jan 14, 2018!
             The game lasted 05:14:03 (79543 turns).

toffzen the Intangible (Merfolk Skald)             Turns: 79543, Time: 05:14:04

HP:   248/248 (249) AC: 40    Str: 24    XL:     27
MP:   8/8           EV: 20    Int: 14    God:    Trog [***...]
Gold: 2952          SH:  4    Dex: 16    Spells: 27/30 levels left

rFire    + + .     SeeInvis .   t - +8 bardiche (antimagic)
rCold    + + .     Gourm    .   (shield currently unavailable)
rNeg     . . .     Faith    .   M - +3 gold dragon scales
rPois    +         Spirit   .   l - +1 helmet of the Villain {rElec rC+}
rElec    +         Reflect  +   Z - scarf {cloud immunity}
rCorr    .         Harm     .   G - +0 pair of gloves of Kleptomania {+Blink rElec Regen+ Int-2}
MR       +++..     Rnd*Rage +   I - +0 pair of boots
Stlth    ..........             o - +4 amulet of reflection
HPRegen  0.91/turn              j - ring of protection from fire
MPRegen  0.11/turn              R - ring of Yendor {MR+ AC+5 Str+4 Int+4}

@: no status effects
A: change form in water, swift swim, stealthy swim, iridescent scales 1, berserk
1, blurry vision 1, dopey 1
0: Orb of Zot
}: 3/15 runes: decaying, silver, gossamer
a: Berserk, Trog's Hand, Burn Spellbooks, Renounce Religion, Evoke Blink


You escaped.
You worshipped Trog.
Trog was most pleased with you.
You were full.

You visited 10 branches of the dungeon, and saw 49 of its levels.
You also visited: Ice Cave.

You collected 7100 gold pieces.
You spent 4148 gold pieces at shops.

Inventory:

Hand Weapons
 a - the +5 glaive "Hydraslayer" {vamp, Dex+8}
   (Trog gifted it to you on level 3 of the Vaults)

   It inflicts no extra harm, but heals its wielder when it wounds a living foe.
   It affects your dexterity (+8).
 t - a +8 antimagic bardiche (weapon)
 T - the +11 glaive of Trog's Indignation {freeze, *Noise rElec rF+ Dex+3}
   (Trog gifted it to you on level 14 of the Dungeon)

   It has been specially enchanted to freeze those struck by it, causing extra
   injury to most foes and up to half again as much damage against particularly
   susceptible opponents.
   It can also slow down cold-blooded creatures.
   It affects your dexterity (+3).
   It protects you from fire.
   It insulates you from electricity.
   It may make noises in combat.
Missiles
 k - 1728 stones (quivered)
Armour
 l - the +1 helmet of the Villain (worn) {rElec rC+}
   (You acquired it on level 9 of the Dungeon)

   It protects you from cold.
   It insulates you from electricity.
 G - the +0 pair of gloves of Kleptomania (worn) {+Blink rElec Regen+ Int-2}
   (You found it on level 1 of the Depths)

   It affects your intelligence (-2).
   It insulates you from electricity.
   It lets you blink.
   It increases your rate of regeneration.
 I - a +0 pair of boots (worn)
 M - +3 gold dragon scales (worn)
 P - the +7 fire dragon scales of Hedonism {rF++ rC- rCorr}
   (You took it off a vault warden on level 5 of the Vaults)

   It greatly protects you from fire.
   It makes you vulnerable to cold.
   It protects you from acid and corrosion.
 Z - a scarf of cloud immunity (worn)
Jewellery
 c - an uncursed ring of see invisible
 j - a ring of protection from fire (left hand)
 o - a +4 amulet of reflection (around neck)
 s - the ring "Garoveg" {rElec EV+3 Dex+4}
   (You bought it in a shop on level 2 of the Vaults)

   [ring of evasion]

   It affects your evasion (+3).
   It affects your dexterity (+4).
   It insulates you from electricity.
 R - the ring of Yendor (right hand) {MR+ AC+5 Str+4 Int+4}
   (You bought it in a shop on level 3 of the Depths)

   [ring of protection]

   It affects your AC (+5).
   It affects your strength (+4).
   It affects your intelligence (+4).
   It affects your resistance to hostile enchantments.
 W - an uncursed ring of resist corrosion
Wands
 f - a wand of acid (50)
 h - a wand of digging (6)
 u - a wand of iceblast (81)
Scrolls
 e - 13 scrolls of remove curse
 g - 2 scrolls of identify
 m - 4 scrolls of immolation
 p - 2 scrolls of blinking
 q - 5 scrolls of silence
 y - 4 scrolls of magic mapping
 B - 2 scrolls of torment
 K - 5 scrolls of vulnerability
 L - a scroll of holy word
 O - 6 scrolls of fog
 Q - 3 scrolls of fear
 U - 11 scrolls of teleportation
 X - a scroll of summoning
Potions
 b - 3 potions of brilliance
 n - a potion of magic
 r - 7 potions of curing
 v - 4 potions of berserk rage
 w - 14 potions of mutation
 x - 4 potions of agility
 z - 4 potions of invisibility
 C - 3 potions of resistance
 F - 5 potions of lignification
 H - 8 potions of degeneration
 N - 8 potions of flight
 S - 10 potions of cancellation
 V - 2 potions of might
Miscellaneous
 D - 2 phantom mirrors
Comestibles
 d - 15 rations


   Skills:
 O Level 27 Fighting
 O Level 27 Polearms
 + Level 21.4 Armour
 O Level 27 Dodging
 - Level 2.0 Spellcasting
 - Level 4.0 Charms


You had 27 spell levels left.
You knew the following spells:

 Your Spells              Type           Power        Failure   Level  Hunger
a - Infusion              Chrm           ##..         54%         1    ##.....
b - Song of Slaying       Chrm           ##......     69%         2    ###....


Dungeon Overview and Level Annotations

Branches:
Dungeon (15/15)            Temple (1/1) D:4            Lair (6/6) D:8
  Swamp (4/4) Lair:3       Spider (4/4) Lair:4        Slime (0/5) Lair:6
    Orc (2/2) D:12            Elf (2/3) Orc:2        Vaults (5/5) D:14
  Crypt (0/3) Vaults:3     Depths (5/5) D:15            Zot (5/5) Depths:5

Altars:
Ashenzari
Cheibriados
Elyvilon
Fedhas
Gozag
Makhleb
Okawaru
Sif Muna
Trog
Vehumet
Wu Jian
Xom
Yredelemnul
Zin
Jiyva

Shops:
D:6 :   D:11 *(([*   D:12 *   Orc:2 (*%*   Vaults:2 =   Vaults:4 %
Depths:1 !!*%   Depths:3 =}}

Portals:
Hell: Depths:1 Depths:2 Depths:3 Depths:5
Abyss: Depths:2
Pandemonium: Depths:3
Ziggurat: Depths:1

Annotations:
D:3 1 runed door
Lair:6 exclusion: 2 oklob plants
Depths:4 exclusion: 3 obsidian statues


Innate Abilities, Weirdness & Mutations

You revert to your normal form in water.
You are very nimble and swift while swimming.
You are very stealthy in the water. (Stealth+)
You are partially covered in iridescent scales. (AC +2)
You tend to lose your temper in combat.
Scrolls take you a little longer to read.
You are dopey. (Int -2)


Message History

The Executioner gives a hideous shriek!
The green death roars!
The Executioner gestures.
The Executioner seems to speed up.
There is a stone staircase leading up here.
You block the Executioner's attack. The Executioner barely misses you.
The Executioner closely misses you.
You climb upwards.
There is a stone staircase leading down here.
Evoke which item? (* to show all) (? for menu, Esc to quit)
Aiming: Dig
Press: ? - help, Shift-Dir - straight line The rock shatters into small pieces.
There is a stone staircase leading up here.
You climb upwards.
There is a stone staircase leading down here.
Your legs become a tail as you enter the water.
Your +0 pair of boots melds into your body.
Your +0 pair of boots unmelds from your body.
There is a staircase leading out of the dungeon here.
You have escaped!

..########..# #.......#.#
#...# ..########..#
#.##..###.# #...#
#...........#####.###.# #.#
#...#
#.####...##.......#...###.#
#...# #.#
#...#####......#..##.# #...#
).## #.......##≈≈#'.##.##.#
#...# ...#
###.....#....#.##..#.###...#
...#
#.....≈....≈.###.#.##.....
...# #...).≈.⌠@.≈.#
#.#.##..... ...#
#.....≈....≈.# #.#.##.....
...# #.....#....#.#
#.#.##..... ...#
####≈≈###≈≈#### #.#.##.....
...# #.#....#.....#
#...##..... ...#
#.≈.[..§.....# ##.(##.....
...# #.≈..⌠.§§[...#
#..##..... ...#
#.≈...§§§....# ###..##.....
####
#.#.§..#.....###....##.....


There were no monsters in sight!

Vanquished Creatures
  10 orbs of fire
  4 ancient liches
  A juggernaut (Depths:3)
  Sojobo (Depths:3)
  Boris (Depths:3)
  Saint Roka (Orc:2)
  3 curse toes
  4 Killer Klowns
  8 golden dragons
  Jory (Depths:2)
  A bone dragon (Depths:5)
  the Enchantress (Depths:1)
  A Tzitzimitl (D:8)
  4 electric golems
  Jorgrun (Depths:3)
  13 tentacled monstrosities
  24 Orb Guardians (Zot:5)
  Rupert (Orc:2)
  A titan (Vaults:5)
  5 quicksilver dragons
  Asterion (Spider:1)
  A quicksilver dragon (shapeshifter) (Depths:4)
  2 liches
  Gastronok (Orc:1)
  An Executioner (D:15)
  3 sphinxes
  11 death cobs
  5 tengu reavers
  Kirke (Swamp:2)
  5 shadow dragons
  17 storm dragons
  4 thorn hunters
  Donald (Vaults:1)
  3 frost giants
  7 draconian monks
  4 fire giants
  6 draconian scorchers
  Louise (Elf:2)
  5 draconian knights
  5 deep elf sorcerers
  13 vault wardens
  A ghost moth (shapeshifter) (Depths:4)
  4 emperor scorpions
  7 ghost moths
  A ghoul (Vaults:3)
  3 deep elf elementalists
  6 draconian shifters
  3 draconian stormcallers
  5 war gargoyles
  12 stone giants
  6 spriggan defenders
  22 very ugly things
  10 draconian annihilators
  17 ironheart preservers
  7 vampire knights
  13 green draconians
  6 entropy weavers
  9 black draconians
  2 deep elf demonologists (Vaults:1)
  2 deep elf annihilators
  Azrael (Spider:3)
  19 white draconians
  10 yellow draconians
  6 spark wasps
  23 purple draconians
  10 red draconians
  2 small abominations (Depths:3)
  2 merfolk javelineers (Depths:1)
  4 jiangshi
  10 crystal guardians (Depths:4)
  A deep elf death mage (Depths:3)
  A blizzard demon (Depths:3)
  16 ettins
  12 fire dragons
  4 deep elf high priests
  7 great orbs of eyes
  36 vault guards
  14 yaktaur captains
  33 hydras
  11 ice dragons
  11 centaur warriors
  A hell beast (Elf:1)
  9 rakshasas
  A ghost crab (Swamp:1)
  An alligator (shapeshifter) (Depths:4)
  4 spriggan air magi
  5 death knights
  11 alligators
  34 dancing weapons
  The ghost of dscm the Reanimator, a journeyman OpNe of Cheibriados (Lair:2)
  2 orc high priests
  5 spriggan berserkers
  41 two-headed ogres
  3 death yaks (D:8)
  8 deep troll shamans
  13 ogre magi
  6 deep troll earth magi
  6 tengu warriors
  A vampire mage (Depths:2)
  19 deep elf knights
  3 soul eaters
  Nergalle (Lair:2)
  Sonja (Lair:3)
  10 shadow wraiths
  5 iron trolls
  A skeletal warrior (Vaults:3)
  An unseen horror (D:13)
  3 hell knights (Depths:2)
  15 deep trolls
  7 swamp dragons
  4 wizards
  7 glowing orange brains
  7 flayed ghosts
  2 shambling mangroves (Swamp:3)
  A spriggan druid (Swamp:2)
  A golden dragon skeleton (Depths:2)
  5 necromancers
  Pikel (Temple)
  11 deep elf archers
  13 ironbrand convokers
  14 orc knights
  A swamp dragon (shapeshifter) (D:14)
  9 phantasmal warriors
  7 manticores
  51 deep elf magi
  12 orb spiders
  10 harpies
  44 wolf spiders
  A shining eye (shapeshifter) (D:15)
  7 cyclopes
  A frost giant zombie (Depths:2)
  42 ugly things
  7 orc sorcerers
  2 wolf spiders (shapeshifter)
  A manticore (shapeshifter) (Vaults:5)
  A salamander (shapeshifter) (Elf:2)
  A stone giant zombie (Vaults:3)
  30 moths of wrath
  3 black mambas (shapeshifter)
  An eye of devastation (shapeshifter) (Vaults:2)
  2 cyclopes (shapeshifter)
  An elephant (shapeshifter) (Vaults:5)
  9 vault sentinels
  A rust devil (Depths:4)
  An elephant (Lair:6)
  Joseph (D:7)
  Psyche (D:9)
  A torpor snail (Spider:2)
  5 black mambas
  6 gargoyles
  2 smoke demons (Depths:3)
  20 spiny frogs
  3 orange demons
  A kobold demonologist (Elf:1)
  5 rime drakes
  2 efreet
  6 komodo dragons
  29 yaktaurs
  2 rime drakes (shapeshifter)
  2 yaktaurs (shapeshifter)
  14 demonic crawlers
  A komodo dragon (shapeshifter) (Vaults:5)
  2 red devils (Depths:3)
  5 tengu conjurers
  17 trolls
  3 hellwings (Depths:3)
  16 freezing wraiths
  A polar bear (shapeshifter) (Vaults:3)
  25 jumping spiders
  2 polar bears
  A queen bee (Lair:2)
  A merfolk (shapeshifter) (Depths:4)
  20 hornets
  3 meliai (Spider:2)
  A raiju (Depths:4)
  3 wind drakes (Depths:4)
  8 tyrant leeches
  A wind drake (shapeshifter) (Vaults:1)
  21 blink frogs
  A troll (shapeshifter) (Vaults:1)
  An elf zombie (Depths:2)
  4 bog bodies
  5 dream sheep (Lair:6)
  A blink frog (shapeshifter) (Depths:3)
  A slime creature (shapeshifter) (D:14)
  35 slime creatures
  7 hippogriffs
  2 tarantellas (shapeshifter)
  74 redbacks
  2 vampires
  A yak (shapeshifter) (Depths:2)
  A spriggan (shapeshifter) (Depths:4)
  8 spriggans
  35 tarantellas
  15 wraiths
  9 wyverns
  45 yaks
  20 water elementals
  5 shadows (Depths:2)
  8 air elementals
  3 basilisks
  7 fire elementals
  A human (D:14)
  2 hungry ghosts
  30 vampire mosquitoes
  A hog (Swamp:2)
  17 swamp worms
  A swamp worm (shapeshifter) (Vaults:5)
  8 insubstantial wisps
  A soldier ant (shapeshifter) (Vaults:1)
  An acid dragon (D:13)
  5 wargs
  5 hell hounds
  A soldier ant (D:12)
  2 porcupines
  16 water moccasins
  8 swamp drakes
  2 eyes of draining
  17 ice beasts
  3 slaves
  A hornet zombie (D:15)
  31 orc warriors
  6 sky beasts
  A necrophage (D:12)
  A phantom (D:9)
  An eye of draining (shapeshifter) (Depths:2)
  2 black bears
  An elf skeleton (Vaults:3)
  46 ogres
  15 boggarts
  11 wolves (Lair:1)
  A centaur (shapeshifter) (D:15)
  30 centaurs
  12 crocodiles
  2 big kobolds
  11 bullfrogs
  Blork the orc (Orc:1)
  A human zombie (Vaults:3)
  2 gnoll sergeants
  A wyvern zombie (D:11)
  A human skeleton (Vaults:3)
  10 earth elementals
  A scorpion (D:14)
  24 killer bees (Lair:2)
  6 howler monkeys
  8 crimson imps
  3 electric eels
  A bullfrog zombie (D:10)
  6 jellies
  A quasit (D:8)
  3 draconian simulacra (IceCv)
  3 centaur zombies
  2 human simulacra
  20 orc priests
  2 bullfrog skeletons
  6 hounds
  3 centaur skeletons
  21 orc wizards
  7 iguanas
  5 hell rats (Lair:4)
  4 polar bear simulacra (IceCv)
  3 troll simulacra (IceCv)
  8 worker ants
  A spriggan simulacrum (IceCv)
  A hound zombie (D:4)
  2 hound skeletons
  3 howler monkey zombies (D:4)
  Robin (D:3)
  2 howler monkey skeletons
  9 gnolls
  13 adders
  A naga simulacrum (IceCv)
  3 ogre simulacra (IceCv)
  5 shadow imps
  14 white imps
  2 oozes
  An adder zombie (D:7)
  An adder skeleton (D:4)
  7 worms
  A ball lightning (Depths:4)
  2 dart slugs
  4 leopard geckos
  88 orcs
  2 ball pythons
  A giant cockroach (D:1)
  2 gnoll zombies (D:7)
  14 goblins
  9 hobgoblins
  18 jackals
  7 quokkas
  4 bats
  8 frilled lizards
  A jackal zombie (D:4)
  9 kobolds
  A leopard gecko skeleton (D:4)
  A leopard gecko zombie (D:4)
  2 quokka skeletons
  9 rats
  2 briar patches (Swamp:3)
  A butterfly (Lair:2)
  A crawling corpse (Depths:3)
  4 fungi (Swamp:4)
  3 plants
2308 creatures vanquished.

Vanquished Creatures (collateral kills)
  3 tentacled monstrosities
  2 Orb Guardians (Zot:5)
  A titan (Vaults:5)
  A vault warden (Vaults:1)
  An ironheart preserver (Vaults:4)
  A yellow draconian (Zot:1)
  2 deep elf high priests (Vaults:5)
  2 vault guards (Vaults:1)
  A centaur warrior (Vaults:1)
  A deep elf knight (Vaults:1)
  An ironbrand convoker (Vaults:1)
  3 orc knights
  4 deep elf magi
  2 orb spiders (Spider:3)
  7 ugly things
  A guardian serpent (Lair:6)
  A vault sentinel (Vaults:4)
  A gargoyle (D:14)
  3 yaktaurs (Vaults:1)
  A troll (D:14)
  A jumping spider (shapeshifter) (Vaults:5)
  A hell hound (Spider:3)
  A water moccasin (Lair:6)
  3 orc warriors
  2 orc wizards
  An adder (D:9)
  5 orcs
53 creatures vanquished.

Vanquished Creatures (others)
  A draconian scorcher (Zot:4)
  A deep elf elementalist (Elf:1)
  A blizzard demon (Depths:4)
  A yaktaur captain (Vaults:2)
  2 ogre magi
  A dancing weapon (Elf:1)
  A deep elf knight (Vaults:2)
  2 deep elf archers
  2 deep elf magi
  4 moths of wrath (Zot:5)
  A yaktaur (Depths:3)
  A troll (Vaults:2)
  3 humans
  A centaur (Vaults:3)
  7 ball lightnings (Depths:4)
  An orc (Orc:2)
  A giant cockroach (D:3)
  A bush (Lair:2)
  20 fungi
  4 pillars of salt (Vaults:3)
  40 plants
96 creatures vanquished.

Grand Total: 2457 creatures vanquished

Notes
Turn   | Place    | Note
-------+----------+-------------------------------------------
     0 | D:1      | toffzen the Merfolk Skald began the quest for the Orb.
     0 | D:1      | Reached XP level 1. HP: 16/16 MP: 3/3
   265 | D:1      | Reached XP level 2. HP: 23/23 MP: 5/5
   273 | D:1      | Learned a level 2 spell: Song of Slaying
  1007 | D:2      | Noticed a moth of wrath
  1015 | D:2      | Found an ornate altar of the Wu Jian Council.
  1034 | D:2      | Reached XP level 3. HP: 26/28 MP: 3/6
  1092 | D:2      | Found a shattered altar of Ashenzari.
  1546 | D:2      | Reached XP level 4. HP: 23/35 MP: 4/7
  2249 | D:2      | Found a bloodstained altar of Trog.
  2509 | D:2      | Became a worshipper of Trog the Wrathful
  2823 | D:3      | Reached XP level 5. HP: 41/41 MP: 8/8
  3052 | D:3      | Noticed Robin
  3088 | D:3      | Killed Robin
  3390 | D:3      | Reached skill level 5 in Polearms
  3797 | D:3      | Found a runed door.
  3899 | D:4      | Noticed an ogre
  4101 | D:3      | Reached * piety under Trog
  4101 | D:3      | Reached XP level 6. HP: 23/48 MP: 9/9
  4315 | D:4      | Noticed a slave
  4331 | D:3      | Killed a slave
  4721 | D:4      | Noticed a slave
  4748 | D:4      | Killed a slave
  4839 | D:4      | Found a staircase to the Ecumenical Temple.
  4894 | D:4      | Noticed a slave
  4895 | D:4      | Noticed a slave
  4908 | Temple   | Entered the Ecumenical Temple
  4924 | Temple   | Killed a slave
  5085 | D:4      | Noticed Pikel
  5113 | Temple   | Killed Pikel
  5113 | Temple   | Reached skill level 5 in Fighting
  5113 | Temple   | Reached XP level 7. HP: 49/56 MP: 10/10
  5468 | D:4      | Reached XP level 8. HP: 62/62 MP: 11/11
  5967 | D:5      | Entered Level 5 of the Dungeon
  6329 | D:5      | Found an opulent altar of Gozag.
  6331 | D:5      | Found a glowing silver altar of Zin.
  6390 | D:5      | Reached skill level 10 in Polearms
  6401 | D:5      | Found a snail-covered altar of Cheibriados.
  6428 | D:5      | Found a basalt altar of Yredelemnul.
  6428 | D:5      | Found an iron altar of Okawaru.
  6552 | D:5      | Found a shimmering altar of Xom.
  6552 | D:5      | Found a burning altar of Makhleb.
  6552 | D:5      | Found an opulent altar of Gozag.
  6723 | D:5      | Reached ** piety under Trog
  6781 | D:5      | Reached skill level 1 in Armour
  7708 | D:6      | Found Mottuumn's Book Shop.
  8026 | D:6      | Reached XP level 9. HP: 71/71 MP: 12/12
  8092 | D:6      | Found a snail-covered altar of Cheibriados.
  8403 | D:6      | You fall through a shaft!
  8944 | D:7      | Found a basalt altar of Yredelemnul.
  9015 | D:7      | Noticed Joseph
  9034 | D:7      | Killed Joseph
  9518 | D:7      | Reached *** piety under Trog
 10050 | D:8      | Noticed a death yak
 10053 | D:8      | Noticed a death yak
 10056 | D:8      | Noticed a death yak
 10073 | D:8      | Killed a death yak
 10073 | D:8      | Reached XP level 10. HP: 78/80 MP: 13/13
 10436 | D:8      | Killed a death yak
 10442 | D:7      | Reached skill level 10 in Dodging
 10722 | D:8      | Killed a death yak
 10844 | D:8      | Found a staircase to the Lair.
 10976 | D:8      | Found a burning altar of Makhleb.
 10976 | D:8      | Found a white marble altar of Elyvilon.
 10976 | D:8      | Found a deep blue altar of Sif Muna.
 10984 | D:8      | Found a blossoming altar of Fedhas.
 11216 | Lair:1   | Entered Level 1 of the Lair of Beasts
 11570 | Lair:1   | Reached XP level 11. HP: 89/89 MP: 14/14
 11683 | Lair:1   | Found a frozen archway.
 11693 | Lair:1   | Reached skill level 5 in Armour
 11760 | IceCv    | Entered an ice cave
 11898 | IceCv    | Reached **** piety under Trog
 12471 | IceCv    | Reached skill level 10 in Fighting
 12596 | IceCv    | Got a spiked hat
 12678 | IceCv    | Found an ancient bone altar of Kikubaaqudgha.
 13309 | IceCv    | Identified the +2 hat "Jiqaokh" {rC+ rN+} (You found it in an ice cave)
 14184 | Lair:1   | Noticed a four-headed hydra
 14196 | Lair:1   | Killed a four-headed hydra
 14464 | Lair:1   | Reached XP level 12. HP: 81/99 MP: 15/15
 15175 | Lair:2   | Reached ***** piety under Trog
 15406 | Lair:2   | Noticed Nergalle
 15430 | Lair:2   | Killed Nergalle
 15536 | Lair:2   | Reached skill level 15 in Polearms
 16480 | Lair:2   | Noticed dscm's ghost (journeyman OpNe)
 16495 | Lair:2   | Killed dscm's ghost
 17138 | Lair:3   | Got a smoking halberd
 17151 | Lair:2   | Identified the +6 halberd "Astrusa" {chop, Str+2 Stlth+} (You found it on level 3 of the Lair of Beasts)
 17260 | Lair:3   | Noticed Sonja
 17327 | Lair:3   | Killed Sonja
 18070 | Lair:3   | Found a staircase to the Swamp.
 18454 | Lair:4   | Reached XP level 13. HP: 104/107 MP: 16/16
 18505 | Lair:4   | Found a hole to the Spider Nest.
 20524 | Lair:6   | Entered Level 6 of the Lair of Beasts
 21123 | Lair:6   | Received a gift from Trog
 21322 | Lair:6   | Found a viscous altar of Jiyva.
 21322 | Lair:6   | Found a staircase to the Slime Pits.
 22027 | Lair:6   | Paralysed by a hornet for 1 turns
 22157 | Lair:6   | Reached skill level 15 in Dodging
 22194 | Lair:6   | Reached XP level 14. HP: 118/118 MP: 17/17
 23186 | D:9      | Got a ring of the Octopus King
 23193 | D:9      | Identified a ring of the Octopus King {MP+9 AC+1 EV+1 Str+1 Int+1 Dex+1} (You took it off an orc wizard on level 9 of the Dungeon)
 23412 | D:9      | Identified 2 scrolls of acquirement
 23415 | D:9      | Got a heavily runed helmet
 23426 | D:9      | Identified the +1 helmet of the Villain {rElec rC+} (You acquired it on level 9 of the Dungeon)
 23581 | D:9      | Received a gift from Trog
 23651 | D:9      | Noticed Psyche
 23666 | D:9      | Killed Psyche
 23786 | D:10     | Entered Level 10 of the Dungeon
 24406 | D:11     | Found a labyrinth entrance.
 24407 | D:11     | Found Acacekea's Antique Armour Shoppe.
 24412 | D:11     | Found Umefu's Antique Weapon Shoppe.
 24829 | D:11     | Found Maquam's Antique Weapon Emporium.
 24966 | D:11     | Found Etroxol's General Store.
 25234 | D:11     | Found Vadurgh's General Store.
 25237 | D:11     | Bought a potion of haste for 100 gold pieces
 25237 | D:11     | Bought a potion of cancellation for 80 gold pieces
 25798 | D:12     | Found Oxiutre's Blood Bar.
 25829 | D:12     | Found a staircase to the Orcish Mines.
 26868 | D:13     | Found an opulent altar of Gozag.
 27207 | D:14     | Reached skill level 10 in Armour
 27375 | D:14     | Found an iron altar of Okawaru.
 27419 | D:14     | Reached XP level 15. HP: 126/126 MP: 18/18
 27473 | D:14     | Received a gift from Trog
 28595 | D:14     | Found a gate to the Vaults.
 28607 | D:14     | Received a gift from Trog
 28613 | D:14     | Got a translucent glaive {god gift}
 28626 | D:14     | Identified the +11 glaive of Trog's Indignation {freeze, *Noise rElec rF+ Dex+3} (Trog gifted it to you on level 14 of the Dungeon)
 28743 | D:15     | Entered Level 15 of the Dungeon
 29692 | D:15     | Found a staircase to the Depths.
 29966 | Orc:1    | Entered Level 1 of the Orcish Mines
 30119 | Orc:1    | Noticed Blork the orc
 30129 | Orc:1    | Killed Blork the orc
 30131 | Orc:1    | Noticed Gastronok
 30166 | Orc:1    | Killed Gastronok
 30325 | Orc:1    | Received a gift from Trog
 30569 | Orc:1    | Found a radiant altar of Vehumet.
 30848 | Orc:2    | Entered Level 2 of the Orcish Mines
 30875 | Orc:2    | Noticed Rupert
 30882 | Orc:2    | Killed Rupert
 30894 | Orc:2    | Received a gift from Trog
 31042 | Orc:1    | Reached skill level 15 in Fighting
 31072 | Orc:1    | Reached XP level 16. HP: 136/136 MP: 19/19
 31396 | Orc:2    | Found Zogugh's Food Shop.
 31397 | Orc:2    | Found Wuyps's Antique Weapon Emporium.
 31403 | Orc:2    | Found Gotoub's General Store.
 31404 | Orc:2    | Found a staircase to the Elven Halls.
 31409 | Orc:2    | Found Efik's Assorted Antiques.
 31433 | Orc:2    | Noticed Saint Roka
 31450 | Orc:2    | Killed Saint Roka
 31587 | Orc:2    | Bought 2 potions of might for 88 gold pieces
 32143 | Swamp:1  | Entered Level 1 of the Swamp
 33548 | Swamp:2  | Reached ****** piety under Trog
 33916 | Swamp:2  | Noticed Kirke
 33922 | Swamp:2  | Killed Kirke
 33922 | Swamp:2  | Received a gift from Trog
 34644 | Swamp:3  | Noticed a thorn hunter
 34664 | Swamp:3  | Killed a thorn hunter
 34678 | Swamp:3  | Reached XP level 17. HP: 64/144 MP: 20/20
 35469 | Swamp:4  | Entered Level 4 of the Swamp
 35924 | Swamp:4  | Received a gift from Trog
 36855 | Swamp:4  | Got a decaying rune of Zot
 36997 | Spider:1 | Entered Level 1 of the Spider Nest
 37113 | Spider:1 | Noticed Asterion
 37215 | Spider:1 | Killed Asterion
 37780 | Spider:1 | Received a gift from Trog
 38571 | Spider:2 | Reached XP level 18. HP: 155/155 MP: 21/21
 39621 | Spider:3 | Received a gift from Trog
 40092 | Spider:3 | Noticed Azrael
 41420 | Spider:3 | Killed Azrael
 41542 | Spider:4 | Entered Level 4 of the Spider Nest
 42187 | Spider:4 | Received a gift from Trog
 42735 | Spider:4 | Got a gossamer rune of Zot
 43156 | Vaults:1 | Entered Level 1 of the Vaults
 43257 | Vaults:1 | Received a gift from Trog
 43267 | Vaults:1 | Reached XP level 19. HP: 152/164 MP: 22/22
 43758 | Vaults:1 | Noticed Donald
 43789 | Vaults:1 | Killed Donald
 44937 | Vaults:1 | Received a gift from Trog
 45504 | Vaults:2 | Found Jatucis's Jewellery Emporium.
 45534 | Vaults:2 | Bought the ring "Garoveg" {rElec EV+3 Dex+4} for 911 gold pieces
 46564 | Vaults:2 | Reached XP level 20. HP: 162/174 MP: 23/23
 46674 | Vaults:2 | Received a gift from Trog
 48705 | Vaults:3 | Received a gift from Trog
 48830 | Vaults:3 | Got a shimmering glaive {god gift}
 48925 | Vaults:2 | Identified the +5 glaive "Hydraslayer" {vamp, Dex+8} (Trog gifted it to you on level 3 of the Vaults)
 49928 | Vaults:3 | Found a staircase to the Crypt.
 50801 | Vaults:4 | Reached XP level 21. HP: 184/184 MP: 24/24
 50918 | Vaults:4 | Found Coxkolah's Food Shoppe.
 51487 | Vaults:4 | Found the +7 Kryia's mail coat {PotionHeal*2 rC+}
 51717 | Depths:1 | Entered Level 1 of the Depths
 51965 | D:15     | Received a gift from Trog
 51994 | Depths:1 | Found a gateway to a ziggurat.
 52161 | Depths:1 | Reached skill level 15 in Armour
 52266 | Depths:1 | Found Dycwogoe's Food Shoppe.
 52266 | Depths:1 | Found Ihumem's Distillery.
 52431 | Depths:1 | Found Lifukh's Distillery.
 52553 | Depths:1 | Found Meriteyd's General Store.
 52555 | Depths:1 | Got a pair of crude gloves
 52557 | Depths:1 | Bought a potion of invisibility for 88 gold pieces
 52557 | Depths:1 | Bought a potion of agility for 44 gold pieces
 52557 | Depths:1 | Bought a potion of invisibility for 88 gold pieces
 52557 | Depths:1 | Bought a potion of haste for 110 gold pieces
 52566 | Depths:1 | Bought a potion of agility for 48 gold pieces
 52566 | Depths:1 | Bought a potion of cancellation for 96 gold pieces
 52566 | Depths:1 | Bought 2 potions of curing for 72 gold pieces
 52566 | Depths:1 | Bought a potion of invisibility for 96 gold pieces
 52566 | Depths:1 | Bought a potion of might for 48 gold pieces
 52566 | Depths:1 | Bought a potion of curing for 36 gold pieces
 52566 | Depths:1 | Bought a potion of heal wounds for 60 gold pieces
 52566 | Depths:1 | Bought a potion of curing for 36 gold pieces
 52718 | Depths:1 | Identified the +0 pair of gloves of Kleptomania {+Blink rElec Regen+ Int-2} (You found it on level 1 of the Depths)
 52865 | Depths:1 | Noticed the Enchantress
 52931 | Depths:1 | Killed the Enchantress
 53142 | Depths:1 | Found a gateway to Hell.
 54416 | Depths:2 | Received a gift from Trog
 54868 | Depths:2 | Found a one-way gate to the infinite horrors of the Abyss.
 55161 | Depths:2 | Received a gift from Trog
 56126 | Depths:2 | Noticed Jory
 56164 | Depths:2 | Killed Jory
 56164 | Depths:2 | Reached XP level 22. HP: 194/194 MP: 25/25
 57232 | Depths:3 | Found Balint's Jewellery Shop.
 57232 | Depths:3 | Found Zudita's Gadget Emporium.
 57236 | Depths:3 | Found Illitar's Gadget Emporium.
 57251 | Depths:3 | Bought a wand of digging (12) for 544 gold pieces
 57422 | Depths:3 | Noticed Boris
 57442 | Depths:3 | Killed Boris
 57453 | Depths:3 | Received a gift from Trog
 57562 | Depths:3 | Noticed Sojobo
 57857 | Depths:3 | Killed Sojobo
 57952 | Depths:3 | Bought the ring of Yendor {MR+ AC+5 Str+4 Int+4} for 1603 gold pieces
 58115 | Depths:3 | Noticed a juggernaut
 58122 | Depths:3 | Killed a juggernaut
 58612 | Depths:3 | Noticed an ancient lich
 58634 | Depths:3 | Killed an ancient lich
 58939 | Depths:3 | Found a one-way gate leading to the halls of Pandemonium.
 59211 | Depths:3 | Noticed Jorgrun
 59228 | Depths:3 | Killed Jorgrun
 59440 | Depths:4 | Reached XP level 23. HP: 204/204 MP: 26/26
 60949 | Depths:4 | Found the +6 arbalest "Damnation" {damnation}
 60949 | Depths:4 | Found the cursed +13 scythe of Curses {drain, *Curse}
 61412 | Depths:5 | Entered Level 5 of the Depths
 61910 | Depths:5 | Received a gift from Trog
 62890 | Depths:5 | Found a gate to the Realm of Zot.
 63298 | Vaults:5 | Entered Level 5 of the Vaults
 63562 | Vaults:4 | Reached XP level 24. HP: 204/214 MP: 26/26
 63691 | Vaults:5 | Got a scintillating diamond amulet
 63699 | Vaults:4 | Identified the amulet of the Illusory Wishes {Faith *Corrode rF+ Int+3} (You took it off a deep elf high priest on level 5 of the Vaults)
 64158 | Vaults:5 | Got a twitching wooden ring
 64214 | Vaults:5 | Received a gift from Trog
 64469 | Vaults:5 | Reached skill level 27 in Dodging
 64529 | Vaults:5 | Got a silver rune of Zot
 64943 | Vaults:5 | Identified the ring of Vodka {+Inv rC+ Str+3 Dex-5} (You found it on level 5 of the Vaults)
 64985 | Vaults:5 | Identified the +6 plate armour of Dutun {rC+ Str+2} (You found it on level 5 of the Vaults)
 65552 | Vaults:5 | Got shimmering fire dragon scales
 65632 | Vaults:5 | Identified the +7 fire dragon scales of Hedonism {rF++ rC- rCorr} (You took it off a vault warden on level 5 of the Vaults)
 66418 | Vaults:5 | Identified the +6 glaive "Eleufink" {freeze, Str+4} (You took it off a fire giant on level 5 of the Vaults)
 66887 | Elf:1    | Entered Level 1 of the Elven Halls
 66967 | Elf:1    | Received a gift from Trog
 67220 | Elf:1    | Reached XP level 25. HP: 223/223 MP: 26/26
 67722 | Elf:1    | Received a gift from Trog
 67807 | Elf:1    | Got a steaming halberd {god gift}
 67808 | Elf:1    | Identified the +2 halberd "Benleps" {flame, rPois Str+3 Int-2} (Trog gifted it to you on level 1 of the Elven Halls)
 68038 | Elf:2    | Noticed Louise
 68051 | Elf:2    | Killed Louise
 68776 | Elf:2    | Found a huge runed gate.
 68776 | Elf:2    | Found a huge runed gate.
 68776 | Elf:2    | Found a huge runed gate.
 68782 | Elf:2    | Found a huge runed gate.
 68786 | Elf:2    | Found a huge runed gate.
 69680 | Zot:1    | Entered Level 1 of the Realm of Zot
 70636 | Zot:1    | Reached XP level 26. HP: 235/235 MP: 26/26
 72080 | Zot:2    | Received a gift from Trog
 73169 | Zot:3    | Got a pitted bone ring
 73185 | Zot:3    | Identified the cursed ring of Upyeger {rPois Str-2 Slay+2} (You found it on level 3 of the Realm of Zot)
 73837 | Zot:3    | Reached XP level 27. HP: 244/244 MP: 26/26
 73958 | Zot:4    | Noticed an orb of fire
 73963 | Zot:4    | Gained mutation: You occasionally shout uncontrollably at your foes. [an orb of fire]
 73967 | Zot:4    | Gained mutation: Scrolls take you a little longer to read. [an orb of fire]
 73987 | Zot:4    | Killed an orb of fire
 74327 | Zot:4    | Noticed an orb of fire
 74354 | Zot:4    | Killed an orb of fire
 74766 | Zot:4    | Received a gift from Trog
 75436 | Zot:5    | Entered Level 5 of the Realm of Zot
 75814 | Zot:5    | Noticed an ancient lich
 75830 | Zot:5    | Killed an ancient lich
 75968 | Zot:5    | Noticed an orb of fire
 76237 | Zot:5    | Noticed an orb of fire
 76411 | Zot:5    | Noticed an orb of fire
 76441 | Zot:5    | Killed an orb of fire
 76815 | Zot:5    | Noticed an orb of fire
 76835 | Zot:5    | Killed an orb of fire
 76951 | Zot:5    | Noticed an ancient lich
 76965 | Zot:5    | Killed an ancient lich
 77109 | Zot:5    | Noticed an orb of fire
 77109 | Zot:5    | Gained mutation: You are frail. (-10% HP) [an orb of fire]
 77115 | Zot:5    | Gained mutation: You are dopey. (Int -2) [an orb of fire]
 77121 | Zot:5    | Killed an orb of fire
 77184 | Zot:5    | Noticed an orb of fire
 77193 | Zot:5    | Killed an orb of fire
 77266 | Zot:5    | Noticed an orb of fire
 77306 | Zot:5    | Gained mutation: You are very frail. (-20% HP) [an orb of fire]
 77309 | Zot:5    | Killed an orb of fire
 77309 | Zot:5    | Reached skill level 27 in Fighting
 77614 | Zot:5    | Noticed an ancient lich
 77623 | Zot:5    | Killed an ancient lich
 77649 | Zot:5    | Reached skill level 27 in Polearms
 77664 | Zot:5    | Received a gift from Trog
 77672 | Zot:5    | Noticed an orb of fire
 77692 | Zot:5    | Killed an orb of fire
 78409 | Zot:5    | Received a gift from Trog
 78528 | Zot:5    | Killed an orb of fire
 78541 | Zot:5    | Killed an orb of fire
 78780 | Zot:5    | Lost mutation: You are very frail. (-20% HP) [potion of mutation]
 78780 | Zot:5    | Lost mutation: You are frail. (-10% HP) [potion of mutation]
 78780 | Zot:5    | Lost mutation: You occasionally shout uncontrollably at your foes. [potion of mutation]
 78780 | Zot:5    | Gained mutation: You tend to lose your temper in combat. [potion of mutation]
 78780 | Zot:5    | Gained mutation: You are partially covered in iridescent scales. (AC +2) [potion of mutation]
 78838 | Zot:5    | Got the Orb of Zot
 79385 | D:5      | Noticed Doatten the pandemonium lord
 79478 | D:3      | Noticed Zighyx Ompo the pandemonium lord
 79543 | D:$      | Escaped with the Orb!

Skill      XL: |  1  2  3  4  5  6  7  8  9 10 11 12 13 14 15 16 17 18 19 20 21 22 23 24 25 26 27 |
---------------+----------------------------------------------------------------------------------+-----
Dodging        | 3 4 6 7 9 10 12 13 15 16 17 18 20 21 22 23 24 25 26 27 | 27.0
Fighting       | 3 5 6 8 9 10 11 13 14 15 16 17 18 19 20 21 22 23 24 25 27 | 27.0
Polearms       | 4 5 8 10 12 13 14 15 17 19 20 21 22 24 27 | 27.0
Charms         | 4 |  4.0
Armour         | 1 3 4 6 7 8 10 11 12 13 14 15 16 17 18 19 21 | 21.4
Spellcasting   | |  2.0

Action                   |  1- 3 |  4- 6 |  7- 9 | 10-12 | 13-15 | 16-18 | 19-21 | 22-24 | 25-27 || total
-------------------------+-------+-------+-------+-------+-------+-------+-------+-------+-------++-------
Melee: Spear             |   100 |   220 |       |       |       |       |       |       |       ||   320
       Trident           |       |   144 |   425 |     9 |    21 |       |       |       |       ||   599
       Halberd           |       |       |    69 |   811 |  1004 |       |       |       |       ||  1884
       Tailslap          |       |       |       |       |     2 |    23 |    38 |    18 |     1 ||    82
       Glaive            |       |       |       |       |   303 |  1415 |  2075 |  2192 |  1923 ||  7908
       Bardiche          |       |       |       |       |       |       |       |    10 |   437 ||   447
Throw: Stone             |     1 |    12 |    13 |     7 |     8 |    34 |     5 |     2 |     8 ||    90
 Cast: Infusion          |    10 |     4 |       |       |       |       |       |       |       ||    14
Invok: Berserk           |       |     4 |     9 |    26 |    21 |    20 |    15 |    20 |    21 ||   136
       Burn Spellbooks   |       |       |     1 |     1 |    10 |     1 |     2 |    10 |       ||    25
       Trog's Hand       |       |       |     1 |     9 |    15 |    11 |    23 |    24 |    38 ||   121
       Brothers in Arms  |       |       |       |       |     4 |     3 |    12 |     7 |     8 ||    34
Evoke: Wand              |       |       |     2 |       |       |       |       |     2 |     4 ||     8
  Use: Scroll            |       |     4 |     3 |     6 |    15 |    11 |     8 |     7 |    15 ||    69
       Potion            |       |     2 |     2 |     1 |     1 |     2 |     2 |     5 |    29 ||    44
 Stab: Sleeping          |     3 |       |       |     2 |     4 |     1 |       |       |       ||    10
       Distracted        |       |       |       |       |     1 |     3 |     5 |     3 |     2 ||    14
       Confused          |       |       |       |       |       |     2 |       |       |     1 ||     3
  Eat: Chunk             |     2 |     8 |    17 |    12 |    39 |    29 |    37 |    33 |    47 ||   224
       Ration            |       |     2 |     2 |    14 |     8 |    10 |    10 |    12 |    12 ||    70
Armor: Leather armour    |    15 |    16 |       |       |       |       |       |       |       ||    31
       Ring mail         |       |    56 |   102 |   247 |   196 |    18 |       |       |       ||   619
       Skin              |       |     2 |       |       |       |       |       |       |     9 ||    11
       Swamp dragon scal |       |       |       |       |       |   305 |    17 |       |       ||   322
       Plate armour      |       |       |       |       |       |       |   139 |    76 |   252 ||   467
       Scale mail        |       |       |       |       |       |       |    92 |   281 |       ||   373
       Gold dragon scale |       |       |       |       |       |       |       |       |   595 ||   595
Dodge: Dodged            |    48 |   172 |   259 |   593 |   730 |  1462 |  1253 |  1909 |  2155 ||  8581
Block: Other             |       |       |       |       |    90 |   210 |   200 |   253 |   289 ||  1042
       Reflection        |       |       |       |       |     8 |     3 |    17 |    10 |     5 ||    43
